 Dungeon Crawl Stone Soup version 0.28.0-43-g3370ac3207 (webtiles) character file.

Game seed: 5067143459978109539

72293 Arcadio the Tortoise (level 15, -16/145 HPs)
             Began as a Minotaur Fighter on Mar 24, 2022.
             Was a Follower of Jiyva.
             Hit by a large rock thrown by a stone giant (39 damage)
             ... on level 2 of the Orcish Mines.
             The game lasted 01:50:53 (29653 turns).

Arcadio the Tortoise (Minotaur Fighter)            Turns: 29653, Time: 01:50:54

Health: -16/145    AC: 23    Str: 31    XL:     15   Next: 0%
Magic:  23/23      EV:  9    Int:  2    God:    Jiyva [*.....]
Gold:   1339       SH:  9    Dex: 14    Spells: 14/14 levels left

rFire   + + +      SeeInvis .   y - +4 falchion (freeze)
rCold   + . .      Faith    .   e - +3 buckler {rC+ rF+}
rNeg    + . .      Spirit   .   V - +3 chain mail {rF+}
rPois   .          Reflect  .   k - +1 hat
rElec   .          Harm     .   m - +0 cloak
rCorr   +          Rampage  .   K - +0 pair of gloves {hurl}
Will    +....                   B - +0 pair of boots
Stlth   ..........              j - amulet of magic regeneration
HPRegen 1.14/turn               G - ring "Owkuumuh" {rF+ rN+ rCorr Int-5 Dex+3}
MPRegen 0.83/turn               u - +6 ring of strength

@: hasted, very quick
A: horns 2, retaliatory headbutt
a: Renounce Religion


You were on level 2 of the Orcish Mines.
You worshipped Jiyva.
Jiyva was aware of your devotion.
You visited 6 branches of the dungeon, and saw 23 of its levels.
You visited the Abyss 1 time.
You also visited: Bailey and Volcano.

You collected 1896 gold pieces.
You spent 435 gold pieces at shops.
You donated 122 gold pieces to Zin.

Inventory:

Hand Weapons
 y - a +4 falchion of freezing (weapon)
 O - the +7 Singing Sword {vorpal, sonic wave}
   (You found it on level 6 of the Lair of Beasts)

   It inflicts extra damage upon your enemies.
   It radiates damaging sonic waves as it strikes, especially in combat
   involving dangerous or numerous foes.
 S - the +4 long sword "Tokuxteg" {flame, Dex+3}
   (You bought it in a shop on level 5 of the Dungeon)

   It burns those it strikes, dealing additional fire damage.
   Big, fiery blades are also staple armaments of hydra-hunters.
   Dex:       It affects your dexterity (+3).
Missiles
 C - 3 throwing nets (quivered)
Armour
 e - a +3 buckler of resistance (worn)
 k - a +1 hat (worn)
 m - a +0 cloak (worn)
 B - a +0 pair of boots (worn)
 K - a +0 pair of gloves of hurling (worn)
 V - a +3 chain mail of fire resistance (worn)
Jewellery
 g - a +4 ring of evasion
 j - an amulet of magic regeneration (around neck)
 q - a +6 ring of strength
 u - a +6 ring of strength (right hand)
 w - a +4 ring of slaying
 x - a ring of see invisible
 G - the ring "Owkuumuh" (left hand) {rF+ rN+ rCorr Int-5 Dex+3}
   (You found it on level 11 of the Dungeon)

   [ring of protection from fire]

   Int:       It affects your intelligence (-5).
   Dex:       It affects your dexterity (+3).
   rF:        It protects you from fire.
   rN:        It protects you from negative energy.
   rCorr:     It protects you from acid and corrosion.
 M - a ring of positive energy
Wands
 p - a wand of charming (5)
 t - a wand of flame (65)
 D - a wand of paralysis (11)
 E - a wand of acid (11)
 F - a wand of iceblast (10)
 Q - a wand of polymorph (10)
Scrolls
 a - a scroll of summoning
 d - 2 scrolls of silence
 f - 2 scrolls of teleportation
 n - 3 scrolls of immolation
 s - 2 scrolls of magic mapping
 z - a scroll of amnesia
 A - a scroll of holy word
 H - a scroll of fog
 N - a scroll of enchant weapon
 P - 3 scrolls of fear
Potions
 c - a potion of cancellation
 h - 4 potions of flight
 i - 2 potions of brilliance
 l - a potion of resistance
 o - 4 potions of attraction
 r - 2 potions of magic
 v - a potion of haste
 I - a potion of ambrosia
 J - 2 potions of curing


   Skills:
 + Level 16.4 Fighting
 + Level 16.2 Long Blades
 + Level 16.4 Armour
 - Level 7.9 Shields
 + Level 12.4 Invocations


You had 14 spell levels left.
You didn't know any spells.
Your spell library contained the following spells:

 Spells                   Type           Power      Damage    Failure   Level
 Freeze                   Ice            0%         1d3       94%         1
 Magic Dart               Conj           0%         1d3       94%         1
 Blink                    Tloc           0%         N/A       98%         2
 Ensorcelled Hibernation  Hex/Ice        0%         N/A       98%         2
 Passwall                 Tmut/Erth      0%         N/A       98%         2
 Searing Ray              Conj           0%         2d4       98%         2
 Call Canine Familiar     Summ           0%         N/A       100%        3
 Frozen Ramparts          Ice            0%         1d2       100%        3
 Ozocubu's Armour         Ice            0%         N/A       100%        3
 Portal Projectile        Hex/Tloc       0%         N/A       100%        3
 Swiftness                Air            0%         N/A       100%        3
 Airstrike                Air            0%         N/A       100%        4
 Animate Armour           Summ/Erth      0%         N/A       100%        4
 Fulminant Prism          Conj/Hex       0%         3d6       100%        4
 Hailstorm                Conj/Ice       0%         3d3       100%        4
 Leda's Liquefaction      Hex/Erth       0%         N/A       100%        4
 Summon Ice Beast         Ice/Summ       0%         N/A       100%        4
 Summon Lightning Spire   Summ/Air       0%         N/A       100%        4
 Blade Hands              Tmut           0%         N/A       100%        5
 Fireball                 Conj/Fire      0%         3d3       100%        5
 Iskenderun's Battlesphe  Conj           0%         2d6       100%        5
 Lightning Bolt           Conj/Air       0%         1d11      100%        5
 Manifold Assault         Tloc           0%         N/A       100%        5
 Metabolic Englaciation   Hex/Ice        0%         N/A       100%        5
 Summon Mana Viper        Hex/Summ       0%         N/A       100%        5
 Conjure Ball Lightning   Conj/Air       0%         3x3d6     100%        6
 Iron Shot                Conj/Erth      0%         9d1       100%        6
 Simulacrum               Ice/Necr       0%         N/A       100%        6
 Monstrous Menagerie      Summ           0%         N/A       100%        7
 Orb of Destruction       Conj           0%         9d5       100%        7
 Spellforged Servitor     Conj/Summ      0%         N/A       100%        7
 Storm Form               Tmut/Air       0%         N/A       100%        7


Dungeon Overview and Level Annotations

Branches:
Dungeon (12/15)            Temple (1/1) D:6            Lair (6/6) D:10
 Shoals (1/4) Lair:3        Snake (1/4) Lair:2        Slime (0/5) Lair:6
    Orc (2/2) D:10         Bailey (visited)         Volcano (visited)
    Elf: Orc:2

Altars:
Ashenzari
Cheibriados
Dithmenos
Elyvilon
Fedhas
Gozag
Hepliaklqana
Kikubaaqudgha
Makhleb
Nemelex Xobeh
Okawaru
Qazlal
Ru
Sif Muna
Trog
Uskayaw
Vehumet
Wu Jian
Xom
Yredelemnul
Zin
The Shining One
Jiyva

Shops:
D:5 *(**   D:7 (   D:9 *   Orc:2 =[(

Annotations:
D:5 2 transporters, 2 runed translucent doors, NiggerDarts's ghost, novice HuFi
D:8 2 transporters, WLBjork's ghost, novice OpBr
Lair:2 exclusion: oklob plant
Lair:5 Rupert
Lair:6 exclusion: ice statue


Innate Abilities, Weirdness & Mutations

You have a pair of horns on your head.
You reflexively headbutt those who attack you in melee.


Message History

You kill the ettin!
You have reached level 15!
Your experience leads to an increase in your attributes!
Your base attributes are Str 25, Int 5, Dex 11.
Increase (S)trength, (I)ntelligence, or (D)exterity?
You feel clever. x2
You're wearing all the rings you can.
Remove which one? (? for menu, Esc to cancel) < or
w - a +4 ring of slaying; > or
u - a +6 ring of strength You remove your +4 ring of slaying.
The stone giant throws a large rock.
The large rock closely misses you.
You feel stupid.
You feel agile.
G - the ring "Owkuumuh" (left hand) {rF+ rN+ rCorr Int-5 Dex+3} You hit the stone giant but do no damage.
Your headbutt misses the stone giant. The stone giant completely misses you.
You furiously retaliate!
You headbutt the stone giant. You slash the stone giant!
You freeze the stone giant.
You headbutt the stone giant, but do no damage.
The stone giant is moderately wounded.
The stone giant hits you!
You hit the stone giant but do no damage.
Your headbutt misses the stone giant.
The stone giant is moderately wounded.
You slash the stone giant! You freeze the stone giant.
The stone giant is heavily wounded.
The stone giant hits you!
You hit the stone giant but do no damage.
The stone giant is heavily wounded.
The stone giant hits you!
You hit the stone giant. You freeze the stone giant.
The stone giant is heavily wounded.
You slice the stone giant!! You freeze the stone giant!
You headbutt the stone giant, but do no damage.
The stone giant is almost dead.
The stone giant hits you!!
* * * LOW HITPOINT WARNING * * *
You feel yourself speed up. You block the stone giant's attack.
The stone giant throws a large rock.
The large rock hits you!!!
You die...

..#.##.........∩...........
..................P........
.....#............P........
.......#...P.....P.........
...................P.......
...........................
....#...)..................
.......C.....#.............
........(.@................
.....$.....................
...........................
...........................
......P...........#........
#.......P...............P..
.#.........................
....................P.P...
........∩...P..P.........


You could see a stone giant.

Vanquished Creatures
  An orc warlord (D:10)
  A deep elf sorcerer (Abyss:2)
  2 ettins
  2 vault guards (Bailey)
  6 hydras
  3 catoblepae
  Erica (D:10)
  The ghost of benappo the Thaumaturge, a journeyman DjCj of Ru (D:11)
  A dancing weapon (Volcano)
  A deep troll shaman (Lair:6)
  4 death yaks (Lair:6)
  Sonja (Lair:4)
  Pikel (D:5)
  4 wizards (Volcano)
  An orc knight (Lair:1)
  An orc sorcerer (Orc:2)
  7 cyclopes (Orc:2)
  A merfolk siren (Lair:3)
  35 elephants
  5 toenail golems (Volcano)
  3 black mambas
  11 cane toads
  6 rime drakes
  8 komodo dragons
  An unseen horror (D:11)
  A centaur skeleton (Abyss:2)
  Maggie (D:7)
  A freezing wraith (Lair:6)
  An ancient zyme (Abyss:2)
  3 trolls
  6 polar bears
  Prince Ribbit (Bailey)
  A raiju (Abyss:2)
  20 blink frogs
  A shadow (D:11)
  A flying skull (Abyss:2)
  4 wyverns
  A wraith (D:11)
  A vampire (D:10)
  5 humans (Bailey)
  73 yaks
  4 basilisks
  2 steam dragons
  5 wargs
  3 large abominations (Abyss:2)
  21 water moccasins
  9 ice beasts
  10 orc warriors
  5 black bears
  8 ogres
  A sky beast (D:7)
  2 necrophages (D:5)
  12 wolves
  3 phantoms
  3 centaurs
  A lemure (D:5)
  5 kobold brigands
  22 bullfrogs
  3 scorpions
  A wyvern zombie (D:7)
  11 killer bees
  6 wights
  3 howler monkeys (D:9)
  2 starcursed masses (Abyss:2)
  2 bullfrog zombies (D:5)
  A gnoll shaman (D:8)
  A hound (D:5)
  4 centaur zombies
  5 orc priests
  An iron imp (Abyss:2)
  A bullfrog skeleton (D:5)
  5 hell rats (Lair:1)
  3 orc wizards
  4 iguanas
  A howler monkey zombie (D:10)
  5 adders
  9 gnolls
  A shadow imp (D:5)
  3 white imps (Lair:6)
  2 ufetubi
  2 adder skeletons (D:4)
  2 dart slugs
  34 orcs
  6 ball pythons
  5 endoplasms
  2 giant cockroaches
  10 goblins
  14 hobgoblins
  4 jackals (D:1)
  26 kobolds
  2 quokkas
  2 bats
  A frilled lizard (D:2)
  4 rats (D:1)
  A starspawn tentacle (Abyss:2)
534 creatures vanquished.

Vanquished Creatures (collateral kills)
  2 killer bees (D:9)
2 creatures vanquished.

Vanquished Creatures (others)
  A wizard (Volcano)
  A neqoxec (Abyss:2)
  7 jellies
  64 fungi
  87 plants
  8 starspawn tentacles (Abyss:2)
168 creatures vanquished.

Grand Total: 704 creatures vanquished

Notes
Turn   | Place    | Note
-------+----------+-------------------------------------------
     0 | D:1      | Arcadio the Minotaur Fighter began the quest for the Orb.
     0 | D:1      | Reached XP level 1. HP: 19/19 MP: 0/0
   187 | D:1      | You fall into a shaft and drop 1 floor!
   272 | D:1      | Reached XP level 2. HP: 27/27 MP: 1/1
   647 | D:1      | Reached XP level 3. HP: 30/33 MP: 2/2
  1239 | D:2      | Found a shimmering altar of Xom.
  1544 | D:2      | Found a faded altar of an unknown god.
  1951 | D:3      | Found a white marble altar of Elyvilon.
  1955 | D:3      | Became a worshipper of Elyvilon the Healer
  2237 | D:3      | Reached XP level 4. HP: 41/41 MP: 3/3
  2632 | D:4      | Reached * piety under Elyvilon
  2635 | D:4      | Noticed a phantom
  3250 | D:4      | Killed a phantom
  3251 | D:4      | Reached XP level 5. HP: 31/47 MP: 4/4
  3469 | D:4      | Found a snail-covered altar of Cheibriados.
  3470 | D:4      | Noticed a phantom
  3479 | D:4      | Killed a phantom
  3480 | D:4      | Reached skill level 5 in Fighting
  3480 | D:4      | Reached skill level 5 in Armour
  3480 | D:4      | Reached skill level 5 in Shields
  3480 | D:4      | Reached XP level 6. HP: 52/56 MP: 5/5
  3514 | D:4      | Reached ** piety under Elyvilon
  3832 | D:5      | Entered Level 5 of the Dungeon
  3843 | D:5      | Found a transporter.
  3861 | D:5      | Reached skill level 5 in Long Blades
  3861 | D:5      | Reached XP level 7. HP: 31/62 MP: 6/6
  4198 | D:5      | Found Peucom's General Store.
  4265 | D:5      | Found Letosis's Assorted Antiques.
  4284 | D:5      | Found a large runed translucent door.
  4284 | D:5      | Found a large runed translucent door.
  4286 | D:5      | Noticed NiggerDarts's ghost (novice HuFi)
  4388 | D:5      | Found Zecoikhe's Weapon Shoppe.
  4466 | D:5      | Found a stormy altar of Qazlal.
  4581 | D:5      | Found a shadowy altar of Dithmenos.
  4581 | D:5      | Noticed Pikel
  4603 | D:5      | Killed Pikel
  4604 | D:5      | Reached XP level 8. HP: 37/73 MP: 7/7
  4821 | D:5      | Found Guapt's Assorted Antiques.
  4879 | D:5      | Found a transporter.
  5088 | D:6      | Noticed a two-headed ogre
  5191 | D:6      | Found a bloodstained altar of Trog.
  5407 | D:6      | Found a staircase to the Ecumenical Temple.
  5473 | Temple   | Entered the Ecumenical Temple
  5543 | Temple   | Fell from the grace of Elyvilon
  5543 | Temple   | Became a worshipper of Zin the Law-Giver
  5543 | Temple   | Reached * piety under Zin
  5543 | Temple   | Reached ** piety under Zin
  5745 | D:6      | Reached XP level 9. HP: 62/81 MP: 8/8
  6027 | D:7      | Noticed Maggie
  6045 | D:7      | Killed Maggie
  6046 | D:7      | Reached skill level 1 in Invocations
  6521 | D:7      | Found a sacrificial altar of Ru.
  6708 | D:7      | Reached *** piety under Zin
  6712 | D:7      | Found Tarak's Antique Weapon Boutique.
  6938 | D:8      | Noticed a two-headed ogre
  7230 | D:8      | Noticed a tengu warrior
  7235 | D:8      | Noticed WLBjork's ghost (novice OpBr)
  7246 | D:8      | Found a transporter.
  7343 | D:8      | Found a transporter.
  8958 | D:9      | Reached XP level 10. HP: 40/87 MP: 11/11
  9237 | D:9      | Found a flagged portal.
  9254 | Bailey   | Entered a bailey
  9772 | Bailey   | Noticed a vault guard
  9772 | Bailey   | Noticed Prince Ribbit
  9787 | Bailey   | Killed Prince Ribbit
  9788 | Bailey   | Reached skill level 10 in Fighting
  9788 | Bailey   | Reached skill level 10 in Armour
  9800 | Bailey   | Killed a vault guard
  9801 | Bailey   | Reached skill level 5 in Invocations
 10184 | Bailey   | Noticed a vault guard
 10206 | Bailey   | Killed a vault guard
 10207 | Bailey   | Reached skill level 10 in Long Blades
 10653 | Bailey   | Reached **** piety under Zin
 10778 | D:9      | Reached ***** piety under Zin
 10902 | D:9      | Found Famigaom's Assorted Antiques.
 11091 | D:9      | Noticed a two-headed ogre
 11158 | D:10     | Entered Level 10 of the Dungeon
 11166 | D:10     | Found a staircase to the Orcish Mines.
 11264 | Orc:1    | Entered Level 1 of the Orcish Mines
 11303 | D:10     | Reached XP level 11. HP: 44/101 MP: 14/14
 11636 | Orc:1    | Noticed an orc knight
 11981 | Orc:1    | Noticed an orc warlord
 12542 | D:10     | Noticed Erica
 12544 | D:10     | Noticed a six-headed hydra
 13199 | D:11     | Found a broken altar of Ashenzari.
 13437 | D:11     | Noticed a two-headed ogre
 13514 | D:11     | Found a runed translucent door.
 13515 | D:11     | Noticed benappo's ghost (journeyman DjCj)
 13656 | D:11     | Killed benappo's ghost
 14029 | D:11     | Identified the ring "Owkuumuh" {rF+ rN+ rCorr Int-5 Dex+3}
 14032 | D:11     | Lost intelligence.
 14343 | D:10     | Found an ornate altar of the Wu Jian Council.
 14409 | D:10     | Found a staircase to the Lair.
 14624 | D:5      | Bought the +4 long sword "Tokuxteg" {flame, Dex+3} for 435
                  | gold pieces
 14961 | Lair:1   | Entered Level 1 of the Lair of Beasts
 16867 | Lair:2   | Reached XP level 12. HP: 72/112 MP: 16/16
 17434 | Lair:2   | Identified the +7 mace of the Omega Point {drain, Str+3}
 17844 | Lair:2   | Found a staircase to the Snake Pit.
 18218 | Snake:1  | Entered Level 1 of the Snake Pit
 18908 | Lair:3   | Found a staircase to the Shoals.
 18945 | Shoals:1 | Entered Level 1 of the Shoals
 19384 | Lair:3   | Reached XP level 13. HP: 57/123 MP: 19/19
 21104 | Lair:4   | Noticed Sonja
 21114 | Lair:4   | Reached skill level 10 in Invocations
 21894 | Lair:4   | Killed Sonja
 23037 | Lair:5   | Noticed Rupert
 23041 | Lair:5   | Paralysed by Rupert for 2 turns
 23640 | Lair:5   | HP: 1/125 [Rupert/+0 vampiric great sword (30)]
 24688 | Lair:5   | Reached skill level 15 in Fighting
 24688 | Lair:5   | Reached skill level 15 in Armour
 24794 | Lair:5   | Reached XP level 14. HP: 113/135 MP: 21/21
 25140 | Lair:6   | Entered Level 6 of the Lair of Beasts
 25319 | Lair:6   | Reached skill level 15 in Long Blades
 26395 | Lair:6   | Found a staircase to the Slime Pits.
 26395 | Lair:6   | Found a viscous altar of Jiyva.
 26598 | Lair:6   | Fell from the grace of Zin
 26598 | Lair:6   | Became a worshipper of Jiyva Jaufoedg the Shapeless
 27036 | Lair:6   | Found the +7 Singing Sword {vorpal, sonic wave}
 27224 | Lair:6   | Paralysed by the wrath of Zin for 2 turns
 27643 | D:10     | Killed Erica
 27917 | D:10     | Killed an orc warlord
 28301 | Orc:2    | Entered Level 2 of the Orcish Mines
 28301 | Orc:2    | Reached * piety under Jiyva
 28478 | Orc:2    | Found a dark tunnel.
 28539 | Orc:2    | Found Seydu's Antique Weapon Emporium.
 28540 | Orc:2    | Noticed a stone giant
 28560 | Volcano  | Entered a volcano
 28666 | Volcano  | Paralysed by the wrath of Zin for 6 turns
 28921 | Volcano  | Cast into level 2 of the Abyss (a wizard)
 28951 | Abyss:2  | Noticed a starcursed mass
 29018 | Abyss:2  | Noticed a tentacled starspawn
 29024 | Abyss:2  | Paralysed by accursed screaming for 1 turns
 29070 | Abyss:2  | Noticed a deep elf sorcerer
 29072 | Abyss:2  | Noticed a starcursed mass
 29103 | Abyss:2  | Killed a deep elf sorcerer
 29242 | Abyss:2  | Noticed a bone dragon
 29288 | Volcano  | Escaped the Abyss
 29561 | Orc:2    | Found Plog's Antique Armour Boutique.
 29618 | Orc:2    | Found Memeffecu's Jewellery Shoppe.
 29638 | Orc:2    | Reached XP level 15. HP: 90/145 MP: 23/23
 29653 | Orc:2    | Hit by a large rock thrown by a stone giant

Illustrated notes

Levels and vault maps discovered:
D:1:      psy_arrival_radial01, layout_loops_ring, minmay_misc_feat_enclosed
D:2:      layout_basic, basic_altar, ebering_ecumenical_altar_webs
D:3:      layout_basic, mainiacjoe_overflow_six_doors_small
D:4:      layout_basic, cheibriados_altar_1, minmay_misc_feat_five
D:5:      gammafunk_cloud_chamber, layout_rooms,
          nicolae_dithmenos_through_a_glass_darkly, mainiacjoe_overflow_paths,
          serial_shops, nicolae_shop_bloodbath_and_beyond, nicolae_shop_trees,
          nicolae_shop_behind_doors, nicolae_shop_hallway_plus,
          ebering_ghost_disaster_area, uniq_pikel
D:6:      layout_loops_ring, mainiacjoe_overflow_catwalk,
          minmay_temple_entry_junction
D:7:      layout_cave_pools, lemuel_crystal_altar, serial_shops,
          nicolae_shop_statue_plus, uniq_crazy_yiuf_cottage, uniq_maggie
D:8:      layout_loops_ring, nzn_ghost_randoct, nrook_mini_vaults,
          minmay_misc_feat_alley, corexii_leaking_fountain
D:9:      layout_gridville, enter_bailey_5, serial_shops, shop_coins
D:10:     layout_rooms, nicolae_wu_jian_wuxing_cycle, david_lair_generic,
          orc_0_dummy, uniq_erica
D:11:     layout_roguey, hellmonk_ghost_happy_afterlife,
          nicolae_ashenzari_panopticon
D:12:     layout_roguey
Temple:   eino_wide_crystal_templ
Lair:1:   layout_cave_pods, serial_bayou_crossing, lemuel_fruit_tree
Lair:2:   minmay_lair_oklob_chamber, layout_cave_pods, dummy_snake_entry
Lair:3:   layout_chaotic_city, minmay_shoals_entry_lonely_mermaid,
          grunt_megastairs_3
Lair:4:   layout_cave_shapes, serial_bayou_shore_a, uniq_sonja
Lair:5:   layout_small_grid, uniq_rupert
Lair:6:   grunt_lair_end_beastmaster, layout_long_grid, slime_altar_1,
          st_stairs_6, ice2_lemuel, serial_bayou_shore_b
Shoals:1: layout_shoals
Snake:1:  layout_chambers, portal_ice_cave_entry_pillars_2, st_stairs_11,
          grunt_megastairs_1
Orc:1:    cheibrodos_orc_guarddog, layout_diamond_mine
Orc:2:    grunt_orc_gardens, layout_caves, grunt_orc_garden, grunt_orc_garden,
          grunt_orc_garden, grunt_orc_garden, nicolae_volcano_entry_lava_flow

Skill      XL: |  1  2  3  4  5  6  7  8  9 10 11 12 13 14 |
---------------+-------------------------------------------+-----
Fighting       | 4 5 7 9 10 12 13 15 16 | 16.4
Armour         | 4 5 7 9 10 12 13 15 16 | 16.4
Long Blades    | 3 4 5 6 7 9 10 12 13 14 16 | 16.2
Shields        | 4 5 7 |  7.9
Invocations    | 3 6 7 9 11 12 | 12.4

Action                   |  1- 3 |  4- 6 |  7- 9 | 10-12 | 13-15 || total
-------------------------+-------+-------+-------+-------+-------++-------
Melee: Long sword        |   104 |    50 |   236 |   325 |   490 ||  1205
       Headbutt          |    19 |    10 |    51 |   146 |   195 ||   421
       Falchion          |       |       |     7 |   294 |   154 ||   455
       Double sword      |       |       |       |       |    50 ||    50
Throw: Throwing net      |       |       |       |     1 |       ||     1
Invok: Recite            |       |       |     1 |     2 |       ||     3
       Vitalisation      |       |       |     1 |       |       ||     1
       Imprison          |       |       |       |     3 |       ||     3
       Sanctuary         |       |       |       |     1 |     2 ||     3
Evoke: Wand              |       |       |       |     3 |     5 ||     8
  Use: Scroll            |       |     2 |    11 |     8 |    12 ||    33
       Potion            |       |       |     1 |     6 |     9 ||    16
Armor: Scale mail        |    31 |    12 |    85 |   186 |   231 ||   545
       Chain mail        |       |       |       |       |    55 ||    55
       Robe              |       |       |       |       |     5 ||     5
Dodge: Dodged            |    46 |    20 |   190 |   303 |   245 ||   804
Block: Buckler           |    35 |    12 |   131 |   240 |   266 ||   684
